 Dungeon Crawl Stone Soup version 0.30-a0-632-g346586fe48 (webtiles) character file.

Game seed: 3515550975858564974

361 wormed the Slasher (level 6, -5/50 HPs)
             Began as a Demigod Gladiator on Jan 14, 2023.
             Slain by a mummy (16 damage)
             ... in an ossuary.
             The game lasted 00:04:54 (3207 turns).

wormed the Slasher (Demigod Gladiator)              Turns: 3207, Time: 00:04:55

Health: -5/50      AC:  6    Str: 15    XL:     6   Next: 15%
Magic:  8/8        EV: 14    Int: 10    God:
Gold:   145        SH:  0    Dex: 23    Spells: 5/5 levels left

rFire   + . .      SeeInvis .    a - +1 long sword
rCold   . . .      Faith    .    (no shield)
rNeg    . . .      Spirit   .    b - +0 leather armour
rPois   .          Reflect  .    c - +0 helmet
rElec   .          Harm     .    (no cloak)
rCorr   .          Rampage  .    x - +0 pair of gloves {hurl}
Will    .....                    q - +0 pair of boots
Stlth   ++                       j - amulet of the acrobat
HPRegen 0.28/turn                o - ring of protection from fire
MPRegen 0.11/turn                (no ring)

@: no status effects
A: high MP 1, forlorn, divine attributes
a: no special abilities


You were in an ossuary.
You visited 1 branch of the dungeon, and saw 4 of its levels.
You also visited: Ossuary.

You collected 167 gold pieces.
You spent 22 gold pieces at shops.

Inventory:

Hand Weapons
 a - a +1 long sword (weapon)
Missiles
 d - 3 throwing nets (quivered)
 e - a javelin
Armour
 b - a +0 leather armour (worn)
 c - a +0 helmet (worn)
 p - a +0 pair of gloves
 q - a +0 pair of boots (worn)
 x - a +0 pair of gloves of hurling (worn)
Jewellery
 j - an amulet of the acrobat (around neck)
 o - a ring of protection from fire (left hand)
 u - a ring of magical power
Wands
 s - a wand of digging (4)
Scrolls
 h - 3 scrolls of fog {unknown}
 k - 5 scrolls of identify
 r - 4 scrolls of blinking {unknown}
 v - a scroll of magic mapping {unknown}
 w - a scroll of enchant weapon
 y - a scroll of teleportation {unknown}
Potions
 g - a potion of cancellation
 i - 3 potions of mutation
 l - 2 potions of berserk rage {unknown}
 m - 2 potions of attraction {unknown}
 n - a potion of magic {unknown}
 t - a potion of heal wounds {unknown}


   Skills:
 + Level 2.7 Fighting
 * Level 4.3 Long Blades
 + Level 2.9 Throwing
 + Level 1.9 Armour
 + Level 3.4 Dodging
 + Level 1.8 Shields


You had 5 spell levels left.
You didn't know any spells.
Your spell library contained the following spells:

 Spells                   Type           Power      Damage    Failure   Level
 Kiss of Death            Conj/Necr      0%         2d5       43%         1
 Summon Small Mammal      Summ           0%         N/A       43%         1
 Call Canine Familiar     Summ           0%         N/A       80%         3
 Confusing Touch          Hex            0%         N/A       80%         3
 Summon Guardian Golem    Hex/Summ       0%         N/A       80%         3
 Dispel Undead            Necr           0%         3d6       99%         4


Dungeon Overview and Level Annotations

Branches:
Dungeon (4/15)            Ossuary (1/1)
 Temple: D:4-7

Shops:
D:1 ?


Innate Abilities, Weirdness & Mutations

You have an increased reservoir of magic. (+10% MP)
You shall have no god before yourself.
Your divine heritage dramatically boosts your attributes as you level up.


Message History

You closely miss the elf zombie.
The elf zombie is almost destroyed.
The elf zombie closely misses you. The mummy hits you!
* * * LOW HITPOINT WARNING * * *
The hobgoblin zombie hits you but does no damage.
The gnoll zombie closely misses you.
You closely miss the elf zombie.
The elf zombie is almost destroyed.
The elf zombie closely misses you. The hobgoblin zombie misses you.
The mummy barely misses you.
The gnoll zombie hits you but does no damage.
You slash the elf zombie!
You destroy the elf zombie!
The hobgoblin zombie hits you but does no damage.
The gnoll zombie misses you.
You have reached level 6!
Your experience leads to a dramatic increase in your attributes!
Increase (S)trength, (I)ntelligence, or (D)exterity?
You feel agile. x4
You feel better.
The hobgoblin zombie hits you but does no damage.
The mummy hits you. The hobgoblin zombie misses you.
You slash the hobgoblin zombie!
You destroy the hobgoblin zombie!
The gnoll zombie barely misses you. The mummy closely misses you.
The hobgoblin zombie hits you but does no damage.
You hit the mummy.
The mummy is lightly damaged.
The gnoll zombie hits you but does no damage.
The hobgoblin zombie completely misses you.
The hobgoblin zombie closely misses you.
You slash the hobgoblin zombie!
You destroy the hobgoblin zombie!
The gnoll zombie barely misses you. The mummy hits you!
* * * LOW HITPOINT WARNING * * *
You slash the hobgoblin zombie!
You destroy the hobgoblin zombie!
The gnoll zombie hits you but does no damage.
The mummy hits you!
You die...

#...........#
##.Z.......##
#.........M.#
#####...####
#...# ##...##
##.....##
#Z..∩...#
#@M.....#
#...∩...#
##.....##
##...## #####


You could see a mummy and a gnoll zombie.

Vanquished Creatures
  An elf zombie (Ossuary)
  Jessica (D:3)
  Terence (D:3)
  Natasha (thrice) (D:2)
  2 mummies
  4 gnolls
  4 adders
  A worm (D:4)
  An orc (D:3)
  7 ball pythons
  4 bats (D:1)
  8 endoplasms
  A giant cockroach (D:2)
  6 hobgoblins
  4 jackals
  5 quokkas
  3 frilled lizards
  4 goblins
  4 hobgoblin zombies (Ossuary)
  7 kobolds
  5 rats
76 creatures vanquished.

Notes
Turn   | Place    | Note
-------+----------+-------------------------------------------
     0 | D:1      | wormed the Demigod Gladiator began the quest for the Orb.
     0 | D:1      | Reached XP level 1. HP: 17/17 MP: 3/3
   129 | D:1      | Found Mixtolimn's Magic Scroll Boutique.
   160 | D:1      | Bought a scroll of identify for 22 gold pieces
   334 | D:1      | Reached XP level 2. HP: 21/24 MP: 4/4
   700 | D:2      | Noticed Natasha
   715 | D:2      | Killed Natasha
   716 | D:2      | Reached skill level 3 in Long Blades
   716 | D:2      | Reached XP level 3. HP: 5/29 MP: 5/5
  1025 | D:2      | Noticed Natasha
  1036 | D:2      | Killed Natasha
  1037 | D:2      | Reached skill level 1 in Armour
  1186 | D:2      | Reached XP level 4. HP: 36/36 MP: 6/6
  1581 | D:2      | Noticed Natasha
  1587 | D:2      | Killed Natasha
  1588 | D:2      | Reached skill level 1 in Shields
  1695 | D:3      | Noticed Terence
  1697 | D:3      | Noticed Jessica
  1857 | D:3      | Killed Jessica
  1858 | D:3      | Reached XP level 5. HP: 14/42 MP: 7/7
  2270 | D:3      | Killed Terence
  2271 | D:3      | Reached skill level 4 in Long Blades
  2904 | D:4      | Identified the +3 short sword of Extermination {elec,
                  | rElec}
  3148 | D:4      | Found a sand-covered staircase.
  3157 | Ossuary  | Entered an ossuary
  3203 | Ossuary  | Reached XP level 6. HP: 13/50 MP: 8/8
  3207 | Ossuary  | Slain by a mummy

Illustrated notes

Levels and vault maps discovered:
D:1:      matt_arrival_los_fun, layout_basic, serial_shops,
          nicolae_shop_waterfront, minmay_lizard_pond
D:2:      layout_loops_ring, uniq_natasha
D:3:      layout_rooms, mainiacjoe_overflow_catwalk_spiral,
          nicolae_tso_carved_into_rock, minmay_misc_feat_x, grunt_ministairs_15,
          kennysheep_jessica_study, uniq_terence
D:4:      layout_layer_cave, trog_three_pillars_becter,
          gup_ossuary_entry_pyramid, kennysheep_donut,
          kennysheep_generic_room_13
Ossuary:  minmay_ossuary_gauntlet

Skill      XL: |  1  2  3  4  5 |
---------------+----------------+-----
Throwing       | 2 |  2.9
Fighting       | 2 |  2.7
Long Blades    | 3 4 |  4.3
Armour         | 1 |  1.9
Dodging        | 3 |  3.4
Shields        | 1 |  1.8

Action                   |  1- 3 |  4- 6 || total
-------------------------+-------+-------++-------
Melee: Long sword        |    83 |   154 ||   237
Throw: Throwing net      |     2 |       ||     2
  Use: Scroll            |     6 |       ||     6
       Potion            |       |     3 ||     3
 Stab: Sleeping          |     4 |     1 ||     5
Armor: Leather armour    |    22 |    84 ||   106
Dodge: Dodged            |    53 |   214 ||   267

Table legend: (Time is in decaauts)
 A = Elapsed time spent in this place.
 B = Non-inter-level travel time spent in this place.
 C = Inter-level travel time spent in this place.
 D = Time resting spent in this place.
 E = Time spent auto-exploring this place.
 F = Levels seen in this place.
 G = Mean time per level.
                   A        B        C        D        E       F      G
               +--------+--------+--------+--------+--------+-----+--------+
         Total |   3269 |   2975 |    294 |      0 |   2208 |   5 |  653.8 |
       Dungeon |   3213 |   2919 |    294 |      0 |   2207 |   4 |  803.2 |
       Ossuary |     56 |     56 |      0 |      0 |      1 |   1 |   56.0 |
               +--------+--------+--------+--------+--------+-----+--------+

Top non-repeatable levels by time:
     D:2: 1198 daAuts
     D:3: 1029 daAuts
     D:1: 686 daAuts
     D:4: 298 daAuts
 Ossuary: 56 daAuts
